 Dungeon Crawl Stone Soup version 0.25.0-46-gbd7b0854d2 (webtiles) character file.

Game seed: 596812911905729874

31628 protoss039 the Covert (level 13, -7/82 HPs)
             Began as a Vampire Enchanter on July 14, 2020.
             Was a High Priest of Dithmenos.
             Mangled by a death yak (17 damage)
             ... on level 3 of the Lair of Beasts on July 15, 2020.
             The game lasted 02:00:03 (20205 turns).

protoss039 the Covert (Vampire Enchanter)          Turns: 20205, Time: 02:00:04

Health: -7/82      AC: 10    Str:  7    XL:     13   Next: 27%
Magic:  17/22      EV: 18    Int: 19    God:    Dithmenos [*****.]
Gold:   956        SH:  0    Dex: 18    Spells: 3/24 levels left

rFire    + . .     SeeInvis +   P - +3 broad axe of the Ecumenical Temple {freeze, rElec}
rCold    + + .     Gourm    .   (no shield)
rNeg     + + +     Faith    .   a - +0 troll leather armour
rPois    ∞         Spirit   .   n - +1 helmet
rElec    +         Reflect  .   o - +0 cloak
rCorr    .         Harm     .   A - +0 pair of gloves
MR       +....                  w - +0 pair of boots
Stlth    ++++++++++             D - amulet of the acrobat
HPRegen  0.00/turn              N - ring of Qimoipn {rPois rF+}
MPRegen  0.18/turn              v - +4 ring of evasion

@: confusing touch, about to teleport, very slightly contaminated, bloodless,
wreathed by umbra
A: no food, fangs 3, see invisible, unbreathing
a: Bat Form, Revivify, Shadow Step, Shadow Form, Renounce Religion


You were on level 3 of the Lair of Beasts.
You worshipped Dithmenos.
Dithmenos was extremely pleased with you.
You were bloodless.

You visited 3 branches of the dungeon, and saw 19 of its levels.

You collected 956 gold pieces.

Inventory:

Hand Weapons
 F - the +1 dagger of Gluttony {flame, rF+ MR++ Str-2 Int+4}
   (You found it on level 7 of the Dungeon)

   It has been specially enchanted to burn those struck by it, causing extra
   injury to most foes and up to half again as much damage against particularly
   susceptible opponents.
   It affects your strength (-2).
   It affects your intelligence (+4).
   It protects you from fire.
   It affects your resistance to hostile enchantments.
 P - the +3 broad axe of the Ecumenical Temple (weapon) {freeze, rElec}
   (You found it on level 10 of the Dungeon)

   It has been specially enchanted to freeze those struck by it, causing extra
   injury to most foes and up to half again as much damage against particularly
   susceptible opponents.
   It can also slow down cold-blooded creatures.
   It insulates you from electricity.
Missiles
 C - 42 poisoned darts (quivered)
 K - 6 curare-tipped darts
Armour
 a - a +0 troll leather armour (worn)
 n - a +1 helmet (worn)
 o - a +0 cloak (worn)
 w - a +0 pair of boots (worn)
 A - a +0 pair of gloves (worn)
 G - a +0 kite shield of reflection
Jewellery
 c - an uncursed amulet of magic regeneration
 v - a +4 ring of evasion (right hand)
 D - an amulet of the acrobat (around neck)
 E - an uncursed ring of stealth
 L - an uncursed ring of positive energy
 M - an uncursed ring of protection from magic {unknown}
 N - the ring of Qimoipn (left hand) {rPois rF+}
   (You acquired it on level 2 of the Lair of Beasts)

   [ring of poison resistance]

   It protects you from fire.
   It protects you from poison.
 T - an uncursed amulet of regeneration {unknown}
Wands
 r - a wand of flame (6)
 u - a wand of paralysis (13)
 y - a wand of digging (4)
 J - a wand of acid (3)
 O - a wand of enslavement (7)
Scrolls
 b - a scroll of silence
 e - a scroll of fog
 g - 4 scrolls of blinking
 k - 4 scrolls of remove curse
 l - 4 scrolls of magic mapping
 s - a scroll of enchant weapon
 z - 3 scrolls of amnesia
 B - a scroll of summoning
 H - 6 scrolls of enchant armour
 V - 2 scrolls of teleportation
Potions
 d - 3 potions of berserk rage
 f - a potion of lignification
 h - 3 potions of stabbing
 i - 7 potions of heal wounds
 j - 3 potions of ambrosia
 m - 2 potions of curing
 p - 2 potions of mutation
 q - 3 potions of cancellation
 t - 2 potions of haste {unknown}
 x - 4 potions of might
 I - 2 potions of brilliance
 Q - a potion of flight


   Skills:
 - Level 10.0 Fighting
 - Level 10.0 Short Blades
 - Level 4.0 Armour
 - Level 4.0 Dodging
 + Level 11.1 Stealth
 * Level 7.2 Shields
 - Level 6.0 Spellcasting
 - Level 4.0 Conjurations
 - Level 8.0 Hexes
 - Level 4.0 Ice Magic
 * Level 8.5 Invocations


You had 3 spell levels left.
You knew the following spells:

 Your Spells              Type           Power        Failure   Level  Hunger
a - Corona                Hex            #####..      1%          1    N/A
b - Ensorcelled Hibernat  Hex/Ice        ####..       1%          2    N/A
c - Confusing Touch       Hex            #####...     1%          3    N/A
d - Tukima's Dance        Hex            #####...     1%          3    N/A
e - Dazzling Flash        Conj/Hex       ####..       4%          3    N/A
f - Metabolic Englaciati  Hex/Ice        ####......   36%         5    N/A
g - Cause Fear            Hex            #####.....   6%          4    N/A

Your spell library contained the following spells:

 Spells                   Type           Power        Failure   Level  Hunger
 Slow                     Hex            #####...     1%          2    N/A
 Freeze                   Ice            ###.         3%          1    N/A
 Shock                    Conj/Air       ##..         7%          1    N/A
 Frozen Ramparts          Ice            ###...       10%         3    N/A
 Inner Flame              Hex/Fire       ###.....     10%         3    N/A
 Portal Projectile        Hex/Tloc       ###...       10%         3    N/A
 Summon Guardian Golem    Hex/Summ       ###.....     10%         3    N/A
 Animate Skeleton         Necr           N/A          16%         1    N/A
 Apportation              Tloc           #.....       16%         1    N/A
 Summon Small Mammal      Summ           #...         16%         1    N/A
 Conjure Flame            Conj/Fire      ##......     22%         3    N/A
 Ozocubu's Armour         Chrm/Ice       ##......     22%         3    N/A
 Call Imp                 Summ           #.......     24%         2    N/A
 Call Canine Familiar     Summ           #.......     43%         3    N/A
 Gell's Gravitas          Tloc           #.........   43%         3    N/A
 Teleport Other           Tloc           #.......     43%         3    N/A
 Hailstorm                Conj/Ice       ###.....     30%         4    N/A
 Leda's Liquefaction      Hex/Erth       ###.......   30%         4    N/A
 Ice Form                 Ice/Tmut       ##......     56%         4    N/A
 Summon Ice Beast         Ice/Summ       ##......     56%         4    N/A
 Yara's Violent Unravell  Hex/Tmut       ###.......   65%         5    N/A
 Petrify                  Tmut/Erth      #.......     85%         4    N/A
 Summon Lightning Spire   Summ/Air       #.......     85%         4    N/A
 Summon Forest            Summ/Tloc      #.........   99%         5    N/A
 Ozocubu's Refrigeration  Ice            ###.......   99%         6    N/A
 Freezing Cloud           Conj/Ice/Air   ###.......   100%        6    N/A
 Simulacrum               Ice/Necr       ##........   100%        6    N/A
 Controlled Blink         Tloc           N/A          100%        8    N/A

Dungeon Overview and Level Annotations

Branches:
Dungeon (15/15)            Temple (1/1) D:7            Lair (3/6) D:8
  Swamp (0/4) Lair:3          Orc (0/2) D:11         Vaults (0/5) D:13
 Depths (0/5) D:15
  Snake: Lair:2-4    Spider: Lair:2-4

Altars:
Ashenzari
Cheibriados
Dithmenos
Elyvilon
Fedhas
Gozag
Hepliaklqana
Kikubaaqudgha
Makhleb
Nemelex Xobeh
Okawaru
Qazlal
Ru
Sif Muna
Trog
Uskayaw
Vehumet
Wu Jian
Xom
Yredelemnul
Zin
The Shining One
Beogh

Annotations:
D:3 2 runed translucent doors, TrebMcFLY's ghost, amateur OgFi
D:8 3 runed translucent doors, IHuginn's ghost, novice DrAE
D:10 2 transporters, NebNelluc's ghost, novice OgFi
D:15 Azrael; Rupert


Innate Abilities, Weirdness & Mutations

You do not eat.
You do not regenerate when monsters are visible.
You are frail without blood (-20% HP).
You can heal yourself when you bite living creatures.
You are immune to poison.
You have razor-sharp teeth.
You have supernaturally acute eyesight. (SInv)
You can survive without breathing.


Message History

You bite the death yak, but do no damage.
The death yak gores you but does no damage.
Unknown command.
You hit the death yak but do no damage. The death yak misses you.
The death yak gores you.
* * * LOW HITPOINT WARNING * * *
Unknown command.
You hit the death yak but do no damage.
You bite the death yak, but do no damage.
The death yak gores you but does no damage.
Unknown command.
You completely miss the death yak. The death yak closely misses you.
The death yak gores you!
* * * LOW HITPOINT WARNING * * *
Unknown command.
Okay, then.
Okay, then.
As you read the scroll of teleportation, it crumbles to dust.
You feel strangely unstable. The death yak gores you!
You die...

Y................##
##Y...######.##...#
.#.....#########..##
#..Y...#P.....#....#
....Y..##.....##...#
#.....+......##..##
.##....##.....##...#
.......##.....##..##
.PP.....#####..#@..#
###......P##..##Y.##
###................#
##................##
..................#
..................###
.................[.P#
.##......P#........##
####.....##..###..##


You could see a death yak.

Vanquished Creatures
  2 hydras
  2 ice dragons
  Erica (D:8)
  2 two-headed ogres
  Sonja (D:10)
  An unseen horror (D:14)
  2 deep elf magi
  3 ugly things
  2 manticores
  An elephant (Lair:3)
  Joseph (D:7)
  3 gargoyles (D:11)
  2 spiny frogs
  4 centaur skeletons
  A rime drake (D:10)
  2 komodo dragons
  An efreet (D:14)
  A polar bear (Lair:3)
  5 trolls
  3 meliai (D:14)
  A queen bee (D:14)
  A hornet (D:12)
  2 hippogriffs
  A centaur simulacrum (D:15)
  A shadow (D:13)
  A wyvern (D:10)
  A vampire (D:11)
  A human (D:10)
  24 yaks
  3 hogs (D:10)
  A fire elemental (D:11)
  5 vampire mosquitoes (Lair:3)
  4 hungry ghosts
  4 water moccasins
  An acid dragon (D:11)
  2 porcupines (Lair:3)
  Duvessa (D:7)
  5 sky beasts
  8 orc warriors
  2 phantoms
  2 black bears
  A necrophage (D:8)
  6 ice beasts
  6 ogres
  2 eyes of draining
  6 centaurs
  8 wolves
  18 crocodiles
  3 big kobolds
  A gnoll sergeant (D:13)
  8 bullfrogs
  Dowan (D:7)
  A scorpion (D:11)
  20 killer bees
  3 wights (D:12)
  2 electric eels
  7 howler monkeys
  2 bullfrog zombies
  A centaur zombie (D:12)
  7 crimson imps
  2 quasits
  3 hounds
  2 jellies
  Crazy Yiuf (D:2)
  5 orc priests
  A bullfrog skeleton (D:4)
  8 orc wizards
  10 iguanas
  13 worker ants
  A hound skeleton (D:7)
  3 worker ant zombies
  Robin (D:2)
  14 gnolls
  2 howler monkey skeletons
  9 adders
  2 shadow imps
  An ooze (D:4)
  An adder zombie (D:7)
  An adder skeleton (D:6)
  A worm (D:2)
  A dart slug (D:1)
  10 leopard geckos
  43 orcs
  5 bats
  6 giant cockroaches
  16 goblins
  7 hobgoblins
  3 jackals (D:5)
  2 quokkas
  9 frilled lizards
  16 kobolds
  A quokka skeleton (D:10)
  3 rats
417 creatures vanquished.

Vanquished Creatures (collateral kills)
  A two-headed ogre (D:11)
1 creature vanquished.

Vanquished Creatures (others)
  A harpy skeleton (D:15)
  5 dancing weapons
  A bush (Lair:2)
  A fungus (Lair:3)
  3 withered plants (D:15)
11 creatures vanquished.

Grand Total: 429 creatures vanquished

Notes
Turn   | Place    | Note
-------+----------+-------------------------------------------
     0 | D:1      | protoss039 the Vampire Enchanter began the quest for the
                  | Orb.
     0 | D:1      | Reached XP level 1. HP: 13/13 MP: 3/3
   162 | D:1      | Reached XP level 2. HP: 20/20 MP: 5/5
   188 | D:1      | Learned a level 2 spell: Ensorcelled Hibernation
   637 | D:2      | Reached skill level 1 in Fighting
   711 | D:2      | Reached XP level 3. HP: 26/26 MP: 2/6
  1048 | D:2      | Noticed Robin
  1125 | D:2      | Reached skill level 5 in Stealth
  1125 | D:2      | Reached skill level 5 in Hexes
  1130 | D:2      | Reached XP level 4. HP: 29/32 MP: 0/7
  1153 | D:2      | Learned a level 3 spell: Confusing Touch
  1164 | D:2      | Reached skill level 1 in Ice Magic
  1256 | D:2      | Killed Robin
  1512 | D:2      | Found a runed translucent door.
  1513 | D:2      | Noticed Crazy Yiuf
  1766 | D:2      | Killed Crazy Yiuf
  1766 | D:2      | Reached XP level 5. HP: 37/37 MP: 3/8
  2191 | D:3      | Found a large runed translucent door.
  2192 | D:3      | Found a large runed translucent door.
  2195 | D:3      | Noticed TrebMcFLY's ghost (amateur OgFi)
  2636 | D:3      | Learned a level 3 spell: Tukima's Dance
  2972 | D:4      | Noticed an ogre
  2999 | D:4      | Killed an ogre
  2999 | D:4      | Reached XP level 6. HP: 13/44 MP: 3/10
  3144 | D:4      | Reached skill level 6 in Stealth
  3674 | D:5      | Entered Level 5 of the Dungeon
  3873 | D:5      | Reached XP level 7. HP: 51/51 MP: 9/12
  4990 | D:7      | Noticed Duvessa
  4990 | D:7      | Noticed Dowan
  5062 | D:7      | Reached XP level 8. HP: 55/58 MP: 15/15
  5074 | D:7      | Killed Duvessa
  5074 | D:7      | Reached skill level 5 in Spellcasting
  5076 | D:7      | Killed Dowan
  5170 | D:7      | Identified the Catalogue of the Voyage and Conjuration
  5191 | D:7      | Noticed a purple ugly thing
  5358 | D:7      | Killed a purple ugly thing
  5358 | D:7      | Reached skill level 5 in Fighting
  5358 | D:7      | Reached skill level 5 in Short Blades
  5491 | D:7      | Reached XP level 9. HP: 50/69 MP: 13/16
  5714 | D:7      | Noticed Joseph
  5732 | D:7      | Killed Joseph
  5814 | D:7      | Found an ancient bone altar of Kikubaaqudgha.
  5870 | D:7      | Found a bloodstained altar of Trog.
  5871 | D:7      | Noticed a troll
  5875 | D:7      | Killed a troll
  6039 | D:7      | Found a staircase to the Ecumenical Temple.
  6206 | Temple   | Entered the Ecumenical Temple
  6225 | Temple   | Became a worshipper of Dithmenos the Shadowed
  6356 | D:7      | Got an ichor-stained dagger
  6365 | D:7      | Identified the cursed +1 dagger of Gluttony {flame, rF+
                  | MR++ Str-2 Int+4} (You found it on level 7 of the Dungeon)
  6431 | D:7      | Learned a level 3 spell: Dazzling Flash
  6437 | D:7      | Learned a level 5 spell: Metabolic Englaciation
  6611 | D:8      | Found a staircase to the Lair.
  6945 | D:8      | Reached * piety under Dithmenos
  6972 | D:8      | Reached XP level 10. HP: 78/78 MP: 11/17
  7092 | D:8      | Found a runed translucent gate.
  7093 | D:8      | Found a runed translucent gate.
  7094 | D:8      | Found a runed translucent gate.
  7094 | D:8      | Noticed IHuginn's ghost (novice DrAE)
  7094 | D:8      | Identified the +3 short sword "Tuceymod" {venom, Dex+2}
  7181 | D:8      | Noticed Erica
  7197 | D:8      | Killed Erica
  7197 | D:8      | Reached skill level 1 in Armour
  7197 | D:8      | Reached skill level 1 in Invocations
  7337 | D:8      | Noticed a two-headed ogre
  7338 | D:8      | Found the +3 sling "Punk" {acid, rCorr}
  7348 | D:8      | Killed a two-headed ogre
  7755 | D:9      | Found an opulent altar of Gozag.
  7987 | D:9      | Reached skill level 1 in Conjurations
  8259 | D:10     | Entered Level 10 of the Dungeon
  8271 | D:10     | Reached ** piety under Dithmenos
  8593 | D:10     | Noticed an ice dragon
  8605 | D:10     | Noticed Sonja
  8742 | D:10     | Got the broad axe of the Ecumenical Temple {freeze}
  8786 | D:10     | Found a transporter.
  8801 | D:10     | Killed Sonja
  8801 | D:10     | Reached XP level 11. HP: 83/83 MP: 20/20
  8947 | D:10     | Noticed a two-headed ogre
  8961 | D:10     | Killed a two-headed ogre
  8961 | D:10     | Reached skill level 10 in Short Blades
  9065 | D:10     | Noticed NebNelluc's ghost (novice OgFi)
  9089 | D:10     | Found a transporter.
  9179 | D:10     | Killed an ice dragon
  9179 | D:10     | Reached skill level 1 in Shields
  9180 | D:10     | Identified the cursed +3 broad axe of the Ecumenical Temple
                  | {freeze, rElec} (You found it on level 10 of the Dungeon)
  9620 | D:11     | Found a bloodstained altar of Trog.
  9756 | D:11     | Noticed a purple ugly thing
  9756 | D:11     | Noticed a two-headed ogre
  9766 | D:11     | Killed a purple ugly thing
  9766 | D:11     | Reached skill level 5 in Invocations
  9775 | D:11     | Killed a two-headed ogre
 10354 | D:11     | Found a staircase to the Orcish Mines.
 10370 | D:11     | Found a roughly hewn altar of Beogh.
 10374 | D:11     | Reached *** piety under Dithmenos
 11147 | D:11     | Learned a level 4 spell: Cause Fear
 11687 | D:12     | Noticed a six-headed hydra
 11776 | D:12     | Killed a six-headed hydra
 11776 | D:12     | Reached XP level 12. HP: 68/93 MP: 18/21
 12608 | D:13     | Reached **** piety under Dithmenos
 12608 | D:13     | Reached skill level 5 in Shields
 12993 | D:13     | Learned a level 1 spell: Freeze
 13526 | D:13     | Found a gate to the Vaults.
 13847 | D:14     | Found a gate leading to a gauntlet.
 15399 | D:15     | Entered Level 15 of the Dungeon
 15399 | D:15     | Noticed a centaur warrior
 15400 | D:15     | Reached skill level 10 in Fighting
 15406 | D:15     | Noticed an ice dragon
 15592 | D:15     | Noticed Azrael
 16243 | D:14     | Killed an ice dragon
 16372 | D:15     | Noticed a tengu warrior
 16375 | D:15     | Paralysed by a hornet for 2 turns
 16379 | D:15     | Noticed Rupert
 16379 | D:15     | Noticed a rakshasa
 16385 | D:15     | Found a staircase to the Depths.
 16386 | D:15     | Noticed a vampire mage
 16389 | D:15     | Noticed a jiangshi
 16390 | D:15     | Noticed a jiangshi
 16400 | D:15     | Noticed a death knight
 16402 | D:15     | Noticed a centaur warrior
 16463 | D:12     | Reached skill level 7 in Stealth
 16604 | Lair:1   | Entered Level 1 of the Lair of Beasts
 16759 | Lair:1   | Reached ***** piety under Dithmenos
 16786 | Lair:1   | Noticed an eight-headed hydra
 17635 | Lair:2   | Reached skill level 8 in Stealth
 17991 | Lair:2   | Reached XP level 13. HP: 82/82 MP: 19/22
 18254 | Lair:2   | Reached skill level 9 in Stealth
 19183 | Lair:2   | Identified a scroll of acquirement
 19188 | Lair:2   | Acquired the ring of Qimoipn {rPois rF+}
 19281 | Lair:3   | Found a staircase to the Swamp.
 19565 | Lair:3   | Reached skill level 10 in Stealth
 19996 | Lair:3   | Reached skill level 11 in Stealth
 20205 | Lair:3   | Mangled by a death yak

Illustrated notes

Levels and vault maps discovered:
D:1:      saegor_arrival_under_anarchy, layout_rooms
D:2:      layout_basic, uniq_robin, uniq_crazy_yiuf_cottage
D:3:      layout_basic, first_ration, ebering_ghost_disaster_area,
          solitary_fountain
D:4:      layout_basic
D:5:      layout_rooms
D:6:      layout_gridville, st_stairs_12
D:7:      minmay_the_grid_square_5x5_3x3 [minmay_the_grid_square_5x5_three,
          minmay_the_grid_square_5x5_inner_i,
          minmay_the_grid_square_5x5_beaten_path,
          minmay_the_grid_square_5x5_eight_small,
          minmay_the_grid_square_5x5_megaprize_diamond,
          minmay_the_grid_square_5x5_v, minmay_the_grid_square_5x5_mess,
          minmay_the_grid_square_5x5_one_wall,
          minmay_the_grid_square_5x5_two_small], layout_loops_ring,
          nicolae_overflow_crystal_walls, minmay_temple_entry_statues_pillars,
          basic_altar, uniq_joseph, uniq_duvessa
D:8:      layout_basic, lair_entry_dummy, gammafunk_ghost_nasty_kobolds,
          uniq_erica
D:9:      layout_loops_ring, basic_altar
D:10:     minmay_coctagon, layout_irregular_city, gammafunk_ghost_stat_death,
          grunt_livestock, uniq_sonja
D:11:     layout_loops_corners, minmay_orc_entry_temple_small, basic_altar,
          columned_hall_lemuel
D:12:     layout_irregular_city
D:13:     layout_loops_ring, erik_vaults_1
D:14:     layout_loops_cross, gauntlet_entry_generic, minivault_11, special_room
          [special_room_bee]
D:15:     gammafunk_depths_entry_grave, layout_rooms, nicolae_water_bricks,
          uniq_azrael, uniq_rupert
Temple:   compressed_dpeg_circular_temple
Lair:1:   layout_cave_shapes, infiniplex_staircase_pool
Lair:2:   lemuel_reptile_caves, layout_small_grid, grunt_megastairs_2
Lair:3:   layout_regular_city, minmay_swamp_entry_swarm, grunt_megastairs_5

Skill      XL: |  1  2  3  4  5  6  7  8  9 10 11 12 13 |
---------------+----------------------------------------+-----
Fighting       | 1 2 3 5 7 8 10 | 10.0
Stealth        | 5 6 8 11 | 11.1
Hexes          | 5 6 7 8 |  8.0
Ice Magic      | 1 2 3 4 |  4.0
Dodging        | 3 4 |  4.0
Spellcasting   | 3 4 5 6 |  6.0
Short Blades   | 2 3 5 8 9 10 | 10.0
Armour         | 3 4 |  4.0
Invocations    | 3 6 8 |  8.5
Conjurations   | 2 4 |  4.0
Shields        | 4 6 7 |  7.2

Action                   |  1- 3 |  4- 6 |  7- 9 | 10-12 | 13-15 || total
-------------------------+-------+-------+-------+-------+-------++-------
Melee: Dagger            |    91 |   108 |   206 |   732 |   152 ||  1289
       Bite              |     2 |     8 |    22 |    55 |    17 ||   104
       Broad axe         |       |       |       |    13 |     4 ||    17
Throw: Dart              |       |       |       |    14 |       ||    14
 Cast: Corona            |    25 |    23 |    40 |    61 |    15 ||   164
       Ensorcelled Hiber |    14 |    56 |    90 |   242 |    63 ||   465
       Confusing Touch   |       |     7 |    15 |    54 |     9 ||    85
       Tukima's Dance    |       |       |     1 |     8 |       ||     9
       Dazzling Flash    |       |       |       |    14 |       ||    14
       Cause Fear        |       |       |       |    11 |     4 ||    15
       Freeze            |       |       |       |     6 |       ||     6
       Metabolic Englaci |       |       |       |     1 |       ||     1
 Abil: Exsanguinate      |       |       |       |     1 |     1 ||     2
       Revivify          |       |       |       |       |     1 ||     1
Evoke: Wand              |       |       |       |     9 |       ||     9
  Use: Scroll            |       |    10 |     3 |    24 |     6 ||    43
       Potion            |       |       |       |     9 |     1 ||    10
 Stab: Sleeping          |    18 |    38 |    59 |   165 |    48 ||   328
       Confused          |       |     2 |    11 |    45 |     7 ||    65
       Distracted        |       |       |     1 |     2 |       ||     3
       Invisible         |       |       |       |     1 |       ||     1
Armor: Robe              |    19 |    30 |    10 |       |       ||    59
       Troll leather arm |       |       |     8 |   143 |    15 ||   166
       Skin              |       |       |       |    34 |       ||    34
Dodge: Dodged            |    62 |    74 |   132 |   664 |    96 ||  1028
